 Dungeon Crawl Stone Soup version 0.30-a0-1085-g990a428a5c (webtiles) character file.

Game seed: 14596766765379307696

273 BlueFish the Sneak (level 6, -9/41 HPs)
             Began as an Octopode Warper on Apr 16, 2023.
             Mangled by an iguana (14 damage)
             ... on level 5 of the Dungeon.
             The game lasted 00:10:17 (3508 turns).

BlueFish the Sneak (Octopode Warper)                Turns: 3508, Time: 00:10:18

Health: -9/41      AC:  1    Str: 12    XL:     6   Next: 23%
Magic:  10/10      EV: 13    Int: 16    God:
Gold:   156        SH:  0    Dex: 11    Spells: 3/10 levels left

rFire   . . .      SeeInvis .    a - +0 mace
rCold   . . .      Faith    .    (no shield)
rNeg    . . .      Spirit   .    (helmet restricted)
rPois   .          Reflect  .    (no amulet)
rElec   .          Rampage  .    (no ring)
rCorr   .                        (no ring)
Will    .....                    (no ring)
Stlth   +++                      (no ring)
HPRegen 0.26/turn                (no ring)
MPRegen 0.12/turn                (no ring)
                                 (no ring)
                                 (no ring)

@: no status effects
A: almost no armour, amphibious, 8 rings, camouflage 1, gelatinous body 1,
(nimble swimmer 1), tentacles
a: no special abilities


You were on level 5 of the Dungeon.
You visited 1 branch of the dungeon, and saw 5 of its levels.

You collected 156 gold pieces.

Inventory:

Hand Weapons
 a - a +0 mace (weapon)
Missiles
 c - 7 boomerangs of dispersal
 i - 29 stones (quivered)
 j - 15 poisoned darts
Scrolls
 b - 2 scrolls of blinking
 d - 2 scrolls of fear
 l - a scroll of silence {unknown}
 n - a scroll of noise {unknown}
 p - a scroll of enchant weapon {unknown}
 q - a scroll of fog {unknown}
 r - a scroll of teleportation {unknown}
 s - a scroll of magic mapping {unknown}
 t - a scroll of poison {unknown}
 w - a scroll of identify {unknown}
 x - a scroll of torment {unknown}
Potions
 e - 4 potions of attraction {unknown}
 f - 3 potions of brilliance {unknown}
 g - a potion of lignification {unknown}
 h - 4 potions of curing {unknown}
 k - 2 potions of mutation {unknown}
 m - a potion of might {unknown}
 o - 2 potions of heal wounds {unknown}
 u - a potion of flight {unknown}
 v - a potion of degeneration {unknown}
 z - a potion of resistance {unknown}


   Skills:
 + Level 2.9 Fighting
 + Level 2.8 Maces & Flails
 + Level 2.0 Throwing
 + Level 3.2 Dodging
 * Level 4.1 Stealth
 + Level 2.6 Spellcasting
 + Level 3.6 Translocations


You had 3 spell levels left.
You knew the following spells:

 Your Spells              Type           Power      Damage    Failure   Level
a - Blink                 Tloc           26%        N/A       6%          2
b - Lesser Beckoning      Tloc           26%        N/A       6%          2
c - Teleport Other        Tloc           13%        N/A       13%         3

Your spell library contained the following spells:

 Spells                   Type           Power      Damage    Failure   Level
 Magic Dart               Conj           8%         1d3       19%         1
 Vhi's Electric Charge    Tloc/Air       16%        N/A       26%         3
 Ensorcelled Hibernation  Hex/Ice        4%         N/A       28%         2
 Searing Ray              Conj           4%         2d4       28%         2
 Spider Form              Tmut/Pois      2%         N/A       50%         3
 Manifold Assault         Tloc           13%        N/A       38%         4
 Anguish                  Hex/Necr       1%         N/A       88%         4
 Fulminant Prism          Conj/Hex       1%         3d5       88%         4
 Leda's Liquefaction      Hex/Erth       1%         N/A       88%         4
 Summon Forest            Summ/Tloc      4%         N/A       94%         5
 Lee's Rapid Deconstruct  Erth           1%         3d4*      99%         5
 Summon Mana Viper        Hex/Summ       2%         N/A       99%         5
 Statue Form              Tmut/Erth      1%         N/A       100%        6
 Summon Cactus Giant      Summ           1%         N/A       100%        6


Dungeon Overview and Level Annotations

Branches:
Dungeon (5/15)
 Temple: D:4-7

Altars:

Annotations:
D:3 Sigmund


Innate Abilities, Weirdness & Mutations

You cannot wear most types of armour.
You are amphibious.
You can wear up to eight rings at the same time.
Your skin changes colour to match your surroundings (Stealth+).
Your rubbery body absorbs attacks. (AC +1, EV +1)
((You are camouflaged when in or above water. (Stealth+)))
You have tentacles for arms and can constrict up to eight enemies at once.


Message History

Your squeeze misses the adder.
The adder is lightly wounded.
You feel sick. The adder closely misses you.
You sock the adder! You grab the adder. You squeeze the adder.
You kill the adder!
You feel sick.
You feel sick.
You feel sick.
You are no longer poisoned.
Done exploring.
Done exploring.
(D) Dungeon
Where to? (Enter - D:4, ? - help)
You enter the shallow water.
You enter the shallow water.
You enter the deep water.
There is a stone staircase leading down here.
You climb downwards.
There is a stone staircase leading up here.
An iguana is nearby!
Okay, then.
The iguana hisses angrily.
The iguana barely misses you.
You hit the iguana. Your grab misses the iguana. You squeeze the iguana!
The iguana is severely wounded.
The iguana bites you.
You hit the iguana but do no damage. You grab the iguana.
The iguana is severely wounded.
You constrict the iguana. The iguana bites you!
You hit the iguana but do no damage.
The iguana is severely wounded.
You constrict the iguana, but do no damage.
The iguana bites you.
You hit the iguana.
The iguana is severely wounded.
You constrict the iguana. The iguana bites you!
* * * LOW HITPOINT WARNING * * *
The iguana hisses menacingly.
The iguana bites you!
You die...

.. .. #.
#.## #. ..#
##.# ..# ...
#.# . #.##.#
..#
#..#.####..#
#<...@l..#
#....#####
#..##.#
#...###.#
...## #.#
### #.# #.#
...


You could see an iguana.

Vanquished Creatures
  A hound (D:3)
  A jelly (D:4)
  3 iguanas (D:4)
  An orc wizard (D:4)
  2 adders
  2 worms
  3 dart slugs
  4 orcs (D:4)
  9 bats
  8 endoplasms
  5 giant cockroaches
  3 goblins
  5 hobgoblins
  3 quokkas
  10 ball pythons
  5 frilled lizards
  5 kobolds
  10 rats
80 creatures vanquished.

Vanquished Creatures (others)
  A plant (D:3)
1 creature vanquished.

Grand Total: 81 creatures vanquished

Notes
Turn   | Place    | Note
-------+----------+-------------------------------------------
     0 | D:1      | BlueFish the Octopode Warper began the quest for the Orb.
     0 | D:1      | Reached XP level 1. HP: 14/14 MP: 3/3
   100 | D:1      | Reached skill level 1 in Stealth
   100 | D:1      | Reached XP level 2. HP: 12/19 MP: 5/5
   200 | D:1      | Learned a level 2 spell: Blink
   203 | D:1      | Learned a level 2 spell: Lesser Beckoning
   321 | D:1      | Reached skill level 2 in Stealth
   393 | D:1      | Reached XP level 3. HP: 24/24 MP: 6/6
  1186 | D:2      | Reached XP level 4. HP: 29/30 MP: 7/7
  1190 | D:2      | Learned a level 3 spell: Teleport Other
  1546 | D:3      | Noticed Sigmund
  1767 | D:3      | Found a faded altar of an unknown god.
  2162 | D:3      | Reached skill level 3 in Stealth
  2605 | D:4      | Reached XP level 5. HP: 35/35 MP: 8/8
  2773 | D:4      | Noticed a black bear
  3116 | D:4      | Reached XP level 6. HP: 24/41 MP: 9/9
  3332 | D:4      | Reached skill level 4 in Stealth
  3500 | D:5      | Entered Level 5 of the Dungeon
  3508 | D:5      | Mangled by an iguana

Illustrated notes

Levels and vault maps discovered:
D:1:      lemuel_arrival_river_ford, layout_basic, minmay_split_cup_large
D:2:      layout_loops_ring, st_stairs_5
D:3:      layout_basic, chequers_ecumenical_altar_simple, st_stairs_1,
          serial_bayou_lake_a, uniq_sigmund
D:4:      layout_basic, serial_rivers, chequers_serial_rivers_micro_b,
          chequers_serial_rivers_room_b, chequers_serial_rivers_small_a,
          chequers_serial_rivers_micro_e, chequers_serial_rivers_small_3,
          hangedman_abyss_or_decor_passed, grunt_ministairs_9, kennysheep_dice
D:5:      dreamdust_elfheim, layout_rooms

Skill      XL: |  1  2  3  4  5  6 |
---------------+-------------------+-----
Stealth        | 1 2 3 4 |  4.1
Dodging        | 3 |  3.2
Throwing       | 2 |  2.0
Fighting       | |  2.9
Maces & Flails | |  2.8
Spellcasting   | |  2.6
Translocations | |  3.6

Action                     |  1- 3 |  4- 6 || total
---------------------------+-------+-------++-------
  Melee: Mace              |    71 |    86 ||   157
         Constrict         |    17 |    20 ||    37
         Punch             |     2 |     1 ||     3
         Tentacles         |    10 |    19 ||    29
   Cast: Teleport Other    |       |     4 ||     4
    Use: Scroll            |       |     1 ||     1
   Stab: Sleeping          |    14 |    14 ||    28
 Armour: Skin              |     5 |     4 ||     9
  Dodge: Dodged            |    41 |    62 ||   103

Table legend: (Time is in decaauts)
 A = Elapsed time spent in this place.
 B = Non-inter-level travel time spent in this place.
 C = Inter-level travel time spent in this place.
 D = Time resting spent in this place.
 E = Time spent auto-exploring this place.
 F = Levels seen in this place.
 G = Mean time per level.
                   A        B        C        D        E       F      G
               +--------+--------+--------+--------+--------+-----+--------+
         Total |   3552 |   3449 |    103 |      0 |   2759 |   5 |  710.4 |
       Dungeon |   3552 |   3449 |    103 |      0 |   2759 |   5 |  710.4 |
               +--------+--------+--------+--------+--------+-----+--------+

Top non-repeatable levels by time:
     D:3: 1104 daAuts
     D:4: 921 daAuts
     D:2: 843 daAuts
     D:1: 673 daAuts
     D:5: 8 daAuts
